AoeStats
← Neat

Arabia

509835709Analyzed
1v1 RM · 5d ago on Sep 28, 2026· 23m 49s· 2 players
Game mode
Random Map
Map size
Tiny (2 player)
Population
200
Speed
Normal
Resources
Standard
Victory
Conquest
Starting age
Dark Age
Ending age
Imperial Age
RankedLock teamsTeams togetherTeam positionsShared explorationLock speedFull tech treeHidden civsTurbo modeCheats
Victory
Defeat
🇦🇷 Portuguese · Argentina
984
+18
🇳🇿 Hindustanis · New Zealand
1021
-18
Neat
9:10 Loom
9:14 Loom
11:22 Feudal Age
16:32 Castle Age
Soup
9:06 Feudal Age
8:24 Loom
9:52 Double-Bit Axe
18:00 Scale Barding Armor
20:54 Castle Age
18:41 Horse Collar
22:53 Scale Barding Armor
22:50 Husbandry
Connection lost

Rejoining the realm…

Still unreachable

The connection could not be restored.

Session expired

The server has moved on; the page needs a fresh start.